 Dungeon Crawl Stone Soup version 0.30-a0-799-g109b55a442 (webtiles) character file.

Game seed: 383870876094853149

17243 cheesebisquit the Severer (level 12, -16/109 (112) HPs)
             Began as a Hill Orc Fighter on Feb 20, 2023.
             Was a Priest of Beogh.
             Demolished by a profane servitor
             ... wielding a +2 demon whip of flaming
              (17 damage)
             ... on level 3 of the Abyss.
             The game lasted 00:42:03 (11695 turns).

cheesebisquit the Severer (Hill Orc Fighter)       Turns: 11695, Time: 00:42:04

HP:   -16/109 (112) AC: 28    Str: 33    XL:     12   Next: 46%
MP:   12/12         EV: 12    Int:  8    God:    Beogh [***...]
Gold: 418           SH: 12    Dex: 10    Spells: 11/11 levels left

rFire   . . .      SeeInvis .    b - +9 flail of Ynerui {heavy, rN+ Str+3}
rCold   . . .      Faith    .    G - +2 kite shield {AC+3}
rNeg    + . .      Spirit   .    v - +1 plate armour
rPois   .          Reflect  .    F - +2 helmet
rElec   .          Harm     .    (no cloak)
rCorr   .          Rampage  .    f - +2 pair of gloves
Will    .....                    x - +1 pair of boots Stlth
                                 S - amulet of regeneration
HPRegen 0.00/turn                D - +6 ring of strength
MPRegen 0.13/turn                o - +5 ring of evasion

@: about to teleport, sick, wreathed by umbra, lightly drained
A: no striking features
a: Renounce Religion, Smiting


You were on level 3 of the Abyss.
You worshipped Beogh.
Beogh was most pleased with you.
You visited 2 branches of the dungeon, and saw 13 of its levels.
You visited the Abyss 1 time.
You also visited: Ossuary.

You collected 658 gold pieces.
You spent 240 gold pieces at shops.

Inventory:

Hand Weapons
 a - a +1 war axe
 b - the +9 flail of Ynerui (weapon) {heavy, rN+ Str+3}
   (You found it on level 7 of the Dungeon)

   Str:       It affects your strength (+3).
   rN:        It protects you from negative energy.
Missiles
 d - 6 curare-tipped darts
 s - 28 poisoned darts (quivered)
 E - 3 throwing nets
Armour
 f - a +2 pair of gloves (worn)
 v - a +1 plate armour (worn)
 x - a +1 pair of boots (worn)
 F - a +2 helmet (worn)
 G - a +2 kite shield of protection (worn)
Jewellery
 m - a ring of protection from cold
 o - a +5 ring of evasion (right hand)
 D - a +6 ring of strength (left hand)
 P - an amulet of faith
 S - an amulet of regeneration (around neck)
Wands
 n - a wand of iceblast (21)
 H - a wand of polymorph (9)
 J - a wand of paralysis (21)
 N - a wand of flame (39)
 T - a wand of quicksilver (5)
Scrolls
 e - 2 scrolls of amnesia {unknown}
 g - 2 scrolls of magic mapping {unknown}
 h - 3 scrolls of enchant weapon
 k - a scroll of acquirement {unknown}
 l - 2 scrolls of butterflies {unknown}
 p - 2 scrolls of immolation
 q - a scroll of brand weapon {unknown}
 r - 7 scrolls of torment
 y - 2 scrolls of teleportation
 A - 3 scrolls of poison {unknown}
 B - 5 scrolls of fear
 I - 2 scrolls of blinking {unknown}
 K - a scroll of vulnerability {unknown}
 M - a scroll of fog {unknown}
 O - a scroll of silence {unknown}
Potions
 c - 3 potions of ambrosia
 i - 2 potions of resistance
 j - 3 potions of lignification
 t - 2 potions of mutation
 u - 4 potions of magic
 w - 5 potions of haste
 z - 6 potions of curing
 C - a potion of berserk rage
 L - a potion of degeneration {unknown}
 Q - a potion of might
 R - a potion of invisibility {unknown}
 U - a potion of heal wounds {unknown}


   Skills:
 + Level 12.1 Fighting
 - Level 16.1 Axes
 + Level 11.0 Armour
 + Level 9.7 Shields


You had 11 spell levels left.
You didn't know any spells.
Your spell library contained the following spells:

 Spells                   Type           Power      Damage    Failure   Level
 Apportation              Tloc           0%         N/A       99%         1
 Kiss of Death            Conj/Necr      0%         2d5       99%         1
 Necrotise                Necr           0%         1d4       99%         1
 Sting                    Tmut/Pois      0%         1d3       99%         1
 Summon Small Mammal      Summ           0%         N/A       99%         1
 Cigotuvi's Dreadful Rot  Necr/Pois/Air  0%         N/A       100%        2
 Ensorcelled Hibernation  Hex/Ice        0%         N/A       100%        2
 Poisonous Vapours        Pois/Air       0%         N/A       100%        2
 Confusing Touch          Hex            0%         N/A       100%        3
 Frozen Ramparts          Ice            0%         1d1       100%        3
 Mephitic Cloud           Conj/Pois/Air  0%         N/A       100%        3
 Spider Form              Tmut/Pois      0%         N/A       100%        3
 Airstrike                Air            0%         2d(0-16)  100%        4
 Anguish                  Hex/Necr       0%         N/A       100%        4
 Dispel Undead            Necr           0%         3d6       100%        4
 Ice Form                 Ice/Tmut       0%         N/A       100%        4
 Petrify                  Tmut/Erth      0%         N/A       100%        4
 Summon Ice Beast         Ice/Summ       0%         N/A       100%        4
 Alistair's Intoxication  Tmut/Pois      0%         N/A       100%        5
 Silence                  Hex/Air        0%         N/A       100%        5


Dungeon Overview and Level Annotations

Branches:
Dungeon (12/15)            Temple (1/1) D:6            Lair (0/5) D:10
    Orc (0/2) D:12        Ossuary (visited)

Altars:
Ashenzari
Cheibriados
Dithmenos
Elyvilon
Fedhas
Gozag
Hepliaklqana
Kikubaaqudgha
Makhleb
Nemelex Xobeh
Okawaru
Qazlal
Ru
Sif Muna
Trog
Uskayaw
Vehumet
Wu Jian
Xom
Yredelemnul
Zin
The Shining One

Shops:
D:3 (   D:5 :   D:6 [   D:9 (:(

Annotations:
D:12 Rupert


Message History

The profane servitor burns you.
* * * LOW HITPOINT WARNING * * *
The ufetubus attacks as you move away!
The ufetubus hits you but does no damage.
You block the ufetubus's attack.
The profane servitor hits you but does no damage. x2
The ufetubus attacks as you move away! You block the ufetubus's attack.
The ufetubus misses you.
You feel ill. The ufetubus attacks as you move away!
You block the ufetubus's attack.
The ufetubus hits you but does no damage.
The profane servitor attacks as you move away!
The profane servitor hits you but does no damage.
The profane servitor barely misses you.
The profane servitor hits you but does no damage.
The profane servitor hits you with a +2 demon whip of flaming.
* * * LOW HITPOINT WARNING * * *
You partially resist.
You feel drained. The profane servitor burns you.
* * * LOW HITPOINT WARNING * * *
You block the ufetubus's attack. The ufetubus closely misses you.
The ufetubus barely misses you.
The ufetubus hits you but does no damage.
The ufetubus attacks as you move away! You block the ufetubus's attack. x2
You block the profane servitor's attack.
The profane servitor hits you but does no damage.
The profane servitor attacks as you move away!
You block the profane servitor's attack.
The profane servitor barely misses you.
As you read the scroll of teleportation, it crumbles to dust.
You feel strangely unstable.
You feel the power of the Abyss delaying your translocation!
The profane servitor hits you with a +2 demon whip of flaming.
* * * LOW HITPOINT WARNING * * *
The profane servitor burns you.
* * * LOW HITPOINT WARNING * * *
You block the profane servitor's attack.
The profane servitor hits you but does no damage. x2
You feel ill.
Okay, then.
The profane servitor hits you with a +2 demon whip of flaming!
You die...

..##.. #.. #..## ..
...............
...... ...........
#.. #..##..# ..#
##..##..##..##..##.
...................
........5x.........
...#.....#.....#.
#.##.###@#.## # #
#5x.A.##.. #
####### ... #


You could see a profane servitor, an ancient zyme and an ufetubus.

Vanquished Creatures
  Erolcha (D:9)
  2 centaur warriors (D:11)
  A boulder beetle (D:11)
  4 skeletal warriors (D:11)
  Pikel (D:4)
  A cyclops (D:12)
  A manticore (D:12)
  2 centaur zombies (D:10)
  2 gargoyles (D:12)
  An unseen horror zombie (D:10)
  2 unseen horrors
  A tengu conjurer (D:11)
  4 trolls
  2 hornets (D:12)
  A meliai zombie (D:10)
  A large abomination (Abyss:3)
  A centaur simulacrum (D:11)
  A ynoxinul (Abyss:3)
  Sigmund (D:4)
  A shadow (D:11)
  5 yaks (D:9)
  2 wraiths
  3 vampires
  3 wyverns
  8 vampire mosquitoes
  A steam dragon (D:9)
  An acid dragon (D:11)
  An orc warrior (D:9)
  2 ice beasts
  An ogre (D:7)
  2 sky beasts
  A black bear (D:5)
  8 centaurs
  3 lemures (D:4)
  2 kobold brigands
  3 bullfrogs
  2 gnoll sergeants
  2 necrophages
  3 scorpions
  4 wights (D:10)
  10 killer bees
  6 howler monkeys
  A human zombie (D:10)
  A gnoll bouda (D:5)
  5 hounds
  2 iguanas (D:7)
  8 orc wizards
  Ijyb (D:4)
  A statue (D:9)
  2 mummies
  A howler monkey zombie (D:10)
  22 gnolls
  10 adders
  4 white imps
  An ufetubus (D:7)
  2 dart slugs
  25 orcs
  2 spectral bats (Ossuary)
  8 ball pythons
  5 endoplasms
  3 giant cockroaches
  12 gnoll zombies (Ossuary)
  6 hobgoblins
  6 quokkas
  6 bats
  2 bat simulacra (Ossuary)
  A frilled lizard (D:2)
  8 goblins
  A goblin simulacrum (Ossuary)
  3 goblin zombies (Ossuary)
  3 hobgoblin zombies (Ossuary)
  16 kobolds
  3 kobold simulacra (Ossuary)
  2 kobold zombies (Ossuary)
  10 orc zombies (Ossuary)
  8 rats
  3 rat simulacra (Ossuary)
  3 spectral kobolds (Ossuary)
  A spectral rat (Ossuary)
302 creatures vanquished.

Vanquished Creatures (others)
  A phantom (D:6)
1 creature vanquished.

Grand Total: 303 creatures vanquished

Notes
Turn   | Place    | Note
-------+----------+-------------------------------------------
     0 | D:1      | cheesebisquit the Hill Orc Fighter began the quest for the
                  | Orb.
     0 | D:1      | Reached XP level 1. HP: 19/19 MP: 1/1
    50 | D:1      | Reached skill level 3 in Axes
    66 | D:1      | Reached XP level 2. HP: 27/27 MP: 2/2
   567 | D:1      | Reached XP level 3. HP: 30/33 MP: 3/3
  1202 | D:2      | Found an opulent altar of Gozag.
  1394 | D:2      | Reached skill level 4 in Axes
  1545 | D:2      | Reached XP level 4. HP: 40/40 MP: 4/4
  2030 | D:3      | Found a glowing drain.
  2052 | D:3      | Found a shimmering blue altar of Sif Muna.
  2065 | D:3      | Got Sif Muna's Almanac of Modification
  2093 | D:3      | Found a bloodstained altar of Trog.
  2107 | D:3      | Found Xusek's Weapon Shoppe.
  2396 | D:3      | Reached XP level 5. HP: 47/47 MP: 5/5
  2783 | D:3      | Reached skill level 5 in Axes
  3065 | D:4      | Found an ancient bone altar of Kikubaaqudgha.
  3100 | D:4      | Reached XP level 6. HP: 53/53 MP: 6/6
  3153 | D:4      | Found a sand-covered staircase.
  3158 | Ossuary  | Entered an ossuary
  3533 | D:4      | Noticed Ijyb
  3545 | D:4      | Killed Ijyb
  3592 | D:4      | Reached skill level 5 in Fighting
  3592 | D:4      | Reached skill level 6 in Axes
  3774 | D:4      | Noticed Sigmund
  3782 | D:4      | Killed Sigmund
  3783 | D:4      | Reached skill level 7 in Axes
  3783 | D:4      | Reached skill level 5 in Armour
  3783 | D:4      | Reached XP level 7. HP: 55/61 MP: 7/7
  4084 | D:4      | Noticed Pikel
  4085 | D:4      | Found an ornate altar of the Wu Jian Council.
  4096 | D:4      | Killed Pikel
  4097 | D:4      | Reached skill level 8 in Axes
  4097 | D:4      | Reached XP level 8. HP: 41/71 MP: 8/8
  4288 | D:5      | Entered Level 5 of the Dungeon
  4411 | D:5      | Reached skill level 9 in Axes
  4451 | D:5      | Noticed a wyvern
  4457 | D:5      | Killed a wyvern
  4582 | D:5      | Found Pioleg's Book Shoppe.
  4756 | D:5      | Found a shadowy altar of Dithmenos.
  5003 | D:5      | Reached skill level 10 in Axes
  5015 | D:5      | Found a snail-covered altar of Cheibriados.
  5019 | D:5      | Found a burning altar of Makhleb.
  5243 | D:6      | Found Uhyjoluo's Antique Armour Shop.
  5244 | D:6      | Became a worshipper of Beogh the Brigand
  5266 | D:6      | Bought a helmet for 90 gold pieces
  5271 | D:6      | Bought a glowing kite shield for 150 gold pieces
  5369 | D:6      | Reached XP level 9. HP: 79/79 MP: 9/9
  5372 | D:6      | Found a staircase to the Ecumenical Temple.
  5379 | Temple   | Entered the Ecumenical Temple
  6276 | D:7      | Reached skill level 11 in Axes
  6613 | D:7      | Identified the +9 flail of Ynerui {heavy, rN+ Str+3}
  6838 | D:7      | Found a sparkling altar of Nemelex Xobeh.
  7213 | D:8      | Reached skill level 5 in Shields
  7404 | D:8      | Found a shimmering altar of Xom.
  7426 | D:8      | Got Sif Muna's Vademecum on Fluctuating Gases
  7602 | D:8      | Found a sacrificial altar of Ru.
  7924 | D:9      | Found a radiant altar of Vehumet.
  7998 | D:9      | Reached skill level 12 in Axes
  8249 | D:9      | Found Irummonal's Weapon Shoppe.
  8250 | D:9      | Found Ruum's Book Emporium.
  8253 | D:9      | Found Jutos's Weapon Shoppe.
  8383 | D:9      | Reached XP level 10. HP: 65/90 MP: 10/10
  8388 | D:9      | Reached * piety under Beogh
  8495 | D:9      | Found an iron altar of Okawaru.
  8573 | D:9      | Noticed Erolcha
  8579 | D:9      | Killed Erolcha
  8580 | D:9      | Reached skill level 13 in Axes
  9105 | D:10     | Entered Level 10 of the Dungeon
  9531 | D:10     | Found a staircase to the Lair.
  9548 | D:10     | Reached skill level 14 in Axes
  9765 | D:10     | Found a basalt altar of Yredelemnul.
  9779 | D:10     | Reached XP level 11. HP: 99/99 MP: 11/11
  9786 | D:10     | Reached skill level 10 in Fighting
  9814 | D:10     | Reached ** piety under Beogh
 10216 | D:11     | Noticed a boulder beetle
 10245 | D:11     | Killed a boulder beetle
 10269 | D:11     | Noticed a centaur warrior
 10275 | D:11     | Killed a centaur warrior
 10276 | D:11     | Reached skill level 15 in Axes
 10360 | D:11     | Noticed a centaur warrior
 10367 | D:11     | Killed a centaur warrior
 10458 | D:11     | Noticed a skeletal warrior
 10458 | D:11     | Noticed a skeletal warrior
 10458 | D:11     | Noticed a skeletal warrior
 10458 | D:11     | Noticed a skeletal warrior
 10482 | D:11     | Killed a skeletal warrior
 10483 | D:11     | Reached skill level 10 in Armour
 10490 | D:11     | Killed a skeletal warrior
 10496 | D:11     | Killed a skeletal warrior
 10587 | D:11     | Killed a skeletal warrior
 10588 | D:11     | Reached skill level 16 in Axes
 10588 | D:11     | Reached XP level 12. HP: 93/110 MP: 12/12
 11089 | D:12     | Noticed Rupert
 11367 | D:12     | Found a staircase to the Orcish Mines.
 11592 | D:12     | Paralysed by a floating eye for 3 turns
 11592 | Abyss:3  | Cast into level 3 of the Abyss (Rupert)
 11606 | Abyss:3  | Found a corrupted altar of Lugonu.
 11672 | Abyss:3  | Noticed a soul eater
 11674 | Abyss:3  | Reached *** piety under Beogh
 11677 | Abyss:3  | Noticed a profane servitor
 11693 | Abyss:3  | HP: 4/109 [profane servitor/+2 demon whip of flaming (6)]
 11693 | Abyss:3  | HP: 1/109 [profane servitor/+2 demon whip of flaming (3)]
 11695 | Abyss:3  | Demolished by a profane servitor

Illustrated notes

Levels and vault maps discovered:
D:1:      dpeg_arrival_ratfight, layout_basic, minivault_5,
          minmay_misc_feat_encased, kennysheep_nondescript
D:2:      layout_basic, basic_altar, wad_floor_pattern_untrapped
D:3:      layout_loops_corners, nzn_overflow_gifts_of_might_and_magic,
          serial_shops, nicolae_diamond_shop, gup_sewer_entry_glass,
          corexii_corridor_pit, grunt_ministairs_11
D:4:      layout_loops_ring, lemuel_coloured_pillars_altar, marbit_many_paths,
          nicolae_ossuary_entry_ruins, minmay_diced_spiral, uniq_pikel,
          uniq_sigmund, uniq_ijyb
D:5:      layout_basic, mainiacjoe_overflow_alcove_2, minitemple, serial_shops,
          shop
D:6:      layout_basic, minmay_temple_entry_slanted, serial_shops,
          nicolae_stop_n_shop_2
D:7:      layout_basic, nemelex_dance_club_becter
D:8:      layout_loops_ring, hangedman_ru_absence, xom_teletrap_fun
D:9:      layout_stronghold, old_standard_altar, vehumet_statue,
          nicolae_wooded_promenade, uniq_erolcha
D:10:     layout_roguey, lemuel_mausoleum_altar_yredelemnul, lair_entry_dummy
D:11:     minmay_inside_and_out, layout_stronghold
D:12:     hellmonk_paralyzer, layout_rooms, orc_0_dummy, uniq_rupert
Temple:   nicolae_temple_figure_zero
Abyss:3:  base: D:5, evilmike_abyss_exit_2, bh_abyss_xom_lugonu_altar,
          hangedman_abyss_or_decor_slice

Skill      XL: |  1  2  3  4  5  6  7  8  9 10 11 12 |
---------------+-------------------------------------+-----
Axes           | 3 4 5 7 8 10 12 14 16 | 16.1
Fighting       | 4 5 6 7 8 9 11 12 | 12.1
Shields        | 4 5 7 8 9 |  9.7
Armour         | 4 5 6 7 9 10 11 | 11.0

Action                     |  1- 3 |  4- 6 |  7- 9 | 10-12 || total
---------------------------+-------+-------+-------+-------++-------
  Melee: War axe           |    98 |   230 |   182 |    60 ||   570
         Flail             |       |       |    62 |   303 ||   365
  Throw: Dart              |       |       |     9 |     4 ||    13
 Invoke: Convert to Beogh  |       |       |     1 |       ||     1
    Use: Scroll            |       |     3 |    11 |     4 ||    18
         Potion            |       |     1 |     2 |       ||     3
 Armour: Scale mail        |    41 |     8 |       |       ||    49
         Plate armour      |       |   106 |   169 |   455 ||   730
  Dodge: Dodged            |    65 |   109 |   149 |   320 ||   643
  Block: Buckler           |    20 |    44 |    22 |       ||    86
         Kite shield       |       |       |   108 |   392 ||   500

Table legend: (Time is in decaauts)
 A = Elapsed time spent in this place.
 B = Non-inter-level travel time spent in this place.
 C = Inter-level travel time spent in this place.
 D = Time resting spent in this place.
 E = Time spent auto-exploring this place.
 F = Levels seen in this place.
 G = Mean time per level.
                   A        B        C        D        E       F      G
               +--------+--------+--------+--------+--------+-----+--------+
         Total |  12046 |  11371 |    675 |    263 |   8616 |  15 |  803.1 |
       Dungeon |  11440 |  10773 |    667 |    263 |   8290 |  12 |  953.3 |
        Temple |    123 |    115 |      8 |      0 |    112 |   1 |  123.0 |
         Abyss |    113 |    113 |      0 |      0 |     63 |   1 |  113.0 |
       Ossuary |    368 |    368 |      0 |      0 |    151 |   1 |  368.0 |
               +--------+--------+--------+--------+--------+-----+--------+

Top non-repeatable levels by time:
     D:9: 1391 daAuts
     D:3: 1313 daAuts
    D:11: 1180 daAuts
     D:7: 1092 daAuts
     D:1: 1067 daAuts
     D:5: 1023 daAuts
     D:4: 912 daAuts
    D:10: 890 daAuts
     D:8: 760 daAuts
     D:2: 723 daAuts
     D:6: 670 daAuts
    D:12: 414 daAuts
 Ossuary: 368 daAuts
  Temple: 123 daAuts
 Abyss:3: 113 daAuts
